 Dungeon Crawl Stone Soup version 0.14-a0-3345-g9255d23 (webtiles) character file.

98 Kae the Firebug (level 3, -1/19 HPs)
             Began as a Tengu Fire Elementalist on Mar 17, 2014.
             Slain by an adder (4 damage)
             ... on Level 2 of the Dungeon.
             The game lasted 00:01:30 (1606 turns).

Kae the Firebug (Tengu Fire Elementalist)           Turns: 1606, Time: 00:01:30

HP  -1/19        AC  2     Str  8      XL: 3   Next: 35%
MP   7/7         EV 12     Int 16      God:
Gold 63          SH  0     Dex 14      Spells:  1 memorised,  5 levels left

rFire  . . .     SeeInvis .     k - +0 dagger
rCold  . . .     Clarity  .     a - +0 robe
rNeg   . . .     Conserve .     (no shield)
rPois  .         rCorr    .     (helmet restricted)
rElec  .         rRot     .     (no cloak)
SustAb . .       Spirit   .     (no gloves)
rMut   .         Warding  .     (boots unavailable)
Saprov . . .     Stasis   .     (no amulet)
MR     .....                    (no ring)
                                (no ring)

@: not resistant to hostile enchantments, fairly stealthy
A: beak, talons 3
a: no special abilities


You were on level 2 of the Dungeon.
You were not hungry.

You visited 1 branch of the dungeon, and saw 2 of its levels.

You collected 63 gold pieces.

Inventory:

Hand weapons
 k - a +0,+0 dagger (weapon)
Missiles
 e - 2 darts (quivered)
Armour
 a - a +0 robe (worn)
Comestibles
 c - 3 bread rations
 n - a meat ration
 o - a choko
Scrolls
 d - a scroll of enchant weapon II {unknown}
 f - 2 scrolls of teleportation {unknown}
 j - 2 scrolls of identify {unknown}
 l - a scroll of random uselessness {unknown}
Jewellery
 p - a +3 ring of dexterity {unknown}
Potions
 g - 3 potions of agility {unknown}
 h - a potion of lignification {unknown}
 i - 2 potions of heal wounds {unknown}
 m - 2 potions of curing {unknown}
Books
 b - a book of Flames

   Spells                             Type                      Level
   *Flame Tongue                      Conjuration/Fire             1
   Throw Flame                        Conjuration/Fire             2
   Conjure Flame                      Conjuration/Fire             3
   Inner Flame                        Hexes/Fire                   3
   Sticky Flame                       Conjuration/Fire             4
   Fireball                           Conjuration/Fire             5


   Skills:
 - Level 2.1 Dodging
 - Level 2.0 Stealth
 + Level 2.1 Spellcasting
 * Level 3.0 Conjurations
 * Level 4.0 Fire Magic


You had 5 spell levels left.
You knew the following spells:

 Your Spells              Type           Power        Failure   Level  Hunger
a - Flame Tongue          Conj/Fire      ##...        6%          1    #......


Dungeon Overview and Level Annotations

Branches:
Dungeon (2/15)

Altars:


Innate Abilities, Weirdness & Mutations

You have a beak for a mouth.
You have claws for feet.


Message History

An adder comes into view.
A hobgoblin comes into view.
The hobgoblin shouts!
Found 2 tomahawks.
The hobgoblin hits you.
You barely miss the adder. The adder barely misses you. The hobgoblin hits you.
You closely miss the adder. The adder bites you. The quokka bites you.
The hobgoblin closely misses you.
You hit the adder. Your kick misses the adder.
The adder is moderately wounded.
The adder closely misses you. The quokka barely misses you.
The adder misses you. The quokka barely misses you.
The hobgoblin closely misses you.
You closely miss the adder. You claw the adder.
The adder is severely wounded.
The adder misses you. The quokka bites you. The hobgoblin hits you.
* * * LOW HITPOINT WARNING * * *
You are too injured to fight recklessly!
The adder bites you.
You die...

.......########### .#
.......# (# ###.##### .#
#.....# ##.#####. #.....#
#........ ##>....#
#........ #......#
#.........
##......##########g........
................@Sr........
##.##.############........
#. #.# ######### .. ...
....... .##.#


You could see an adder, a quokka and a hobgoblin.

Vanquished Creatures
  A worm (D:2)
  2 giant geckos (D:1)
  A giant cockroach (D:2)
  5 hobgoblins
  3 jackals (D:2)
  8 bats
  2 giant newts (D:1)
  4 kobolds (D:1)
  2 rats (D:1)
28 creatures vanquished.

Notes
Turn   | Place    | Note
--------------------------------------------------------------
     0 | D:1      | Kae, the Tengu Fire Elementalist, began the quest for the Orb.
     0 | D:1      | Reached XP level 1. HP: 10/10 MP: 3/3
   541 | D:1      | Reached XP level 2. HP: 15/15 MP: 0/5
  1365 | D:2      | Reached XP level 3. HP: 19/19 MP: 2/7
  1406 | D:2      | Reached skill level 4 in Fire Magic
  1606 | D:2      | Slain by an adder

Action                   || total
-------------------------++-------
Melee: Unarmed           ||    47
       Dagger            ||    17
 Cast: Flame Tongue      ||    37
